 Seeded DCSS version 0.31.0-12-g77e489cdc1 (webtiles) character file.

Game seed: 5852599659512852149 (custom seed)

121 CInkIbrahim the Slasher (level 5, 0/38 HPs)
             Began as a Merfolk Gladiator on Feb 11, 2024.
             Slain by a gnoll
             ... wielding a +0 flail
              (8 damage)
             ... on level 3 of the Dungeon.
             The game lasted 00:02:20 (1261 turns).

CInkIbrahim the Slasher (Merfolk Gladiator)         Turns: 1261, Time: 00:02:20

Health: 0/38       AC:  5    Str: 14    XL:     5   Next: 5%
Magic:  5/5        EV: 13    Int:  8    God:
Gold:   95         SH:  0    Dex: 17    Spells: 4/4 levels left

rFire   . . .        a - +0 long sword
rCold   . . .        (no shield)
rNeg    . . .        b - +0 leather armour
rPois   .            c - +0 helmet
rElec   .            q - +0 cloak
rCorr   .            (no gloves)
SInv    .            (no boots)
Will    .....        (no amulet)
Stlth   +            (no ring)
HPRegen 0.26/turn    (no ring)
MPRegen 0.09/turn

%: no passive effects
@: attractive
A: (nimble swimmer 2), mertail
a: no special abilities


You were on level 3 of the Dungeon.
You visited 1 branch of the dungeon, and saw 3 of its levels.

You collected 95 gold pieces.

Inventory:

Hand Weapons
 a - a +0 long sword (weapon)
Missiles
 d - 3 throwing nets (quivered)
 e - a javelin
 v - 4 poisoned darts
Armour
 b - a +0 leather armour (worn)
 c - a +0 helmet (worn)
 q - a +0 cloak (worn)
 u - a +0 buckler
 w - a -2 buckler
Jewellery
 o - a ring of magical power
Wands
 s - a wand of iceblast (10)
 t - a wand of flame (17)
Scrolls
 h - 4 scrolls of teleportation {unknown}
 i - 7 scrolls of identify {unknown}
 l - a scroll of immolation {unknown}
 p - a scroll of fear {unknown}
Potions
 f - a potion of invisibility {unknown}
 g - a potion of might {unknown}
 j - 2 potions of mutation {unknown}
 k - a potion of haste {unknown}
 m - 2 potions of attraction
 n - 2 potions of curing {unknown}
 r - 2 potions of degeneration {unknown}


   Skills:
 - Level 2.1 Fighting
 + Level 6.7 Long Blades
 - Level 2.0 Throwing
 - Level 4.0 Dodging


You had 4 spell levels left.
You didn't know any spells.
Your spell library contained the following spells:

 Spells                   Type           Power      Damage    Failure   Level
 Call Imp                 Summ           0%         N/A       63%         2
 Sublimation of Blood     Necr           0%         N/A       63%         2
 Summon Hydra             Summ           0%         N/A       100%        7


Dungeon Overview and Level Annotations

Branches:
Dungeon (3/15)

Altars:

Shops:
D:3 =[


Innate Abilities, Weirdness & Mutations

((You are very nimble when in or above water. (Stealth+, EV+, Speed+++)))
Your lower body shifts to a powerful aquatic tail in water.


Message History

You open the door.
Found a ring mail.
There is an open door here.
No target in view!
m - 3 lumpy blue potions (gained 2)
A gnoll comes into view. It is wielding a +0 spear.
Found 10 gold pieces.
The gnoll shouts! 2 gnolls come into view.
The gnoll shouts! x2
Okay, then.
It was a potion of attraction.
You feel attractive to monsters. The gnoll is attracted toward you. x3
Okay, then.
Okay, then.
You slash the gnoll!
The gnoll is almost dead.
The gnoll hits you with a +0 flail. The gnoll misses you.
The gnoll is attracted toward you.
You barely miss the gnoll.
The gnoll is almost dead.
The gnoll hits you with a +0 flail.
The gnoll hits you from afar with a +0 spear!
The gnoll hits you from afar with a +0 spear.
You closely miss the gnoll.
The gnoll is almost dead.
The gnoll closely misses you. The gnoll misses you.
You barely miss the gnoll.
The gnoll is almost dead.
The gnoll hits you with a +0 flail! The gnoll misses you.
The gnoll hits you from afar with a +0 spear.
* * * LOW HITPOINT WARNING * * *
The gnoll attacks as it pursues you! The gnoll closely misses you.
The gnoll attacks as it pursues you! The gnoll closely misses you.
There is a stone staircase leading up here.
The gnoll hits you from afar with a +0 spear.
* * * LOW HITPOINT WARNING * * *
The gnoll hits you with a +0 flail!
You die...

######..+∩+..###.#
#.##'#..###.#
##.........>.#
##.###......##
##.#.....[.[.#
#.###.....∩..#### #
##.#g.#..[.....[#
#...####.#g#......##....
.......gg#@#.##..## ...
.........#..........
........####.#######.
.$..#.### #.# ... #. #.#
.. #. ... . # #.# #.. ..


You could see 2 gnolls.

Vanquished Creatures
  Natasha (thrice) (D:2)
  An adder (D:2)
  2 dart slugs
  3 bats
  2 endoplasms
  A giant cockroach (D:1)
  5 goblins
  7 hobgoblins
  5 kobolds
  A quokka (D:1)
  2 ball pythons (D:1)
  4 frilled lizards
  2 rats (D:2)
38 creatures vanquished.

Notes
Turn   | Place    | Note
-------+----------+-------------------------------------------
     0 | D:1      | CInkIbrahim the Merfolk Gladiator began the quest for the
                  | Orb.
     0 | D:1      | Reached XP level 1. HP: 16/16 MP: 1/1
    69 | D:1      | Reached skill level 4 in Long Blades
   119 | D:1      | Reached XP level 2. HP: 22/22 MP: 2/2
   400 | D:1      | Reached skill level 5 in Long Blades
   400 | D:1      | Reached XP level 3. HP: 24/27 MP: 3/3
   782 | D:2      | Noticed Natasha
   785 | D:2      | Killed Natasha
   871 | D:2      | Reached XP level 4. HP: 33/33 MP: 4/4
   900 | D:2      | Noticed Natasha
   905 | D:2      | Killed Natasha
   906 | D:2      | Reached skill level 6 in Long Blades
  1083 | D:2      | Noticed Natasha
  1085 | D:2      | Killed Natasha
  1086 | D:2      | Reached XP level 5. HP: 38/38 MP: 5/5
  1196 | D:3      | Found Bynlesk's Armour Shoppe.
  1230 | D:3      | Found Giapup's Jewellery Shoppe.
  1261 | D:3      | Slain by a gnoll

Illustrated notes

Levels and vault maps discovered:
D:1:      wander_arrival_estate, layout_basic, minmay_pentomino_u4
D:2:      layout_rooms, serial_bayou_pond_b, uniq_natasha
D:3:      minmay_thinvault, layout_loops_cross, serial_shops,
          nicolae_shop_behind_doors, shop, shop, nicolae_shop_scrapyard, shop,
          uniq_grinder

Skill      XL: |  1  2  3  4 |
---------------+-------------+-----
Long Blades    | 4 5 6 |  6.7
Fighting       | |  2.1
Throwing       | |  2.0
Dodging        | |  4.0

Action                     |  1- 3 |  4- 6 || total
---------------------------+-------+-------++-------
  Melee: Long sword        |    80 |    28 ||   108
  Evoke: Wand              |     2 |     1 ||     3
    Use: Potion            |       |     1 ||     1
   Stab: Sleeping          |     1 |       ||     1
 Armour: Leather armour    |    41 |    20 ||    61
  Dodge: Dodged            |    57 |    16 ||    73
